 Dungeon Crawl Stone Soup version 0.30-a0-937-ga0a21ad780 (webtiles) character file.

Game seed: 11052746946363991905

2527 mistaj the Shield-Bearer (level 9, -1/50 HPs)
             Began as a Vine Stalker Fighter on Mar 25, 2023.
             Was a Believer of the Shining One.
             Slain by a hornet (5 damage)
             ... on level 8 of the Dungeon.
             The game lasted 00:08:30 (5281 turns).

mistaj the Shield-Bearer (Vine Stalker Fighter)     Turns: 5281, Time: 00:08:30

Health: -1/50      AC: 12    Str: 24    XL:     9   Next: 54%
Magic:  0/10       EV:  6    Int:  8    God:    the Shining One [**....]
Gold:   442        SH:  6    Dex: 13    Spells: 8/8 levels left

rFire   . . .      SeeInvis +    a - +0 war axe
rCold   . . .      Faith    .    c - +0 buckler
rNeg    + . .      Spirit   +    D - +0 plate armour
rPois   .          Reflect  .    (no helmet)
rElec   .          Rampage  .    (no cloak)
rCorr   .                        f - +0 pair of gloves
Will    +....                    (no boots) Stlth
                                 q - amulet of the acrobat
HPRegen 1.08/turn                l - ring of see invisible
MPRegen 0.12/turn                (no ring)

@: lethally poisoned (-1 -> -19), slowed, glowing, very slow
A: fangs 3, regeneration 1, magic shield, antimagic bite, no potion heal 2
a: Renounce Religion, Divine Shield


You were on level 8 of the Dungeon.
You worshipped the Shining One.
The Shining One was pleased with you.
You visited 1 branch of the dungeon, and saw 8 of its levels.

You collected 442 gold pieces.

Inventory:

Hand Weapons
 a - a +0 war axe (weapon)
Armour
 c - a +0 buckler (worn)
 f - a +0 pair of gloves (worn)
 D - a +0 plate armour (worn)
Jewellery
 l - a ring of see invisible (left hand)
 q - an amulet of the acrobat (around neck)
 y - a ring of fire
Wands
 o - a wand of mindburst (16)
Scrolls
 e - a scroll of brand weapon {unknown}
 g - a scroll of identify
 h - 3 scrolls of teleportation {unknown}
 k - a scroll of vulnerability {unknown}
 m - 2 scrolls of magic mapping {unknown}
 n - a scroll of blinking {unknown}
 s - 2 scrolls of enchant weapon {unknown}
 t - a scroll of fog {unknown}
 v - 2 scrolls of poison {unknown}
 w - a scroll of amnesia {unknown}
 x - a scroll of noise {unknown}
 A - 2 scrolls of enchant armour {unknown}
 B - a scroll of torment {unknown}
Potions
 b - 3 potions of lignification
 d - 5 potions of might
 i - 2 potions of attraction
 j - a potion of resistance
 p - 3 potions of brilliance
 r - 3 potions of curing
 u - a potion of ambrosia
 z - a potion of magic
 C - 4 potions of flight
 E - a potion of mutation


   Skills:
 + Level 7.2 Fighting
 + Level 6.9 Axes
 - Level 2.4 Armour
 + Level 7.2 Shields


You had 8 spell levels left.
You didn't know any spells.
Your spell library contained the following spells:

 Spells                   Type           Power      Damage    Failure   Level
 Gell's Gravitas          Tloc           0%         N/A       100%        3
 Teleport Other           Tloc           0%         N/A       100%        3
 Dispersal                Tloc           0%         N/A       100%        6


Dungeon Overview and Level Annotations

Branches:
Dungeon (8/15)             Temple (0/1) D:5
   Lair: D:8-11

Altars:
Elyvilon
Fedhas
Okawaru
Sif Muna
Yredelemnul
The Shining One

Shops:
D:1 [   D:4 !!


Innate Abilities, Weirdness & Mutations

You have razor-sharp teeth.
Your natural rate of healing is unusually fast.
When hurt, damage is shared between your health and your magic reserves.
Your bite disrupts and absorbs the magic of your enemies.
Potions cannot restore your health.


Message History

The hornet stings you.
You feel yourself slow down. You block the hornet's attack.
The hornet stings you but does no damage.
You slash the hornet! You bite the hornet. You drain its power.
You feel invigorated.
The hornet is almost dead.
The hornet closely misses you. You block the hornet's attack.
The hornet stings you!
You feel as though you will be slow longer.
You barely miss the hornet. You bite the hornet, but do no damage.
The hornet is almost dead.
You block the hornet's attack. The hornet barely misses you.
You barely miss the hornet. Your bite misses the hornet.
The hornet is almost dead.
The hornet stings you.
You are poisoned.
You suddenly lose the ability to move!
The hornet stings you but does no damage.
The hornet stings you!
You feel as though you will be slow longer.
You feel very sick. The hornet stings you.
You feel as though you will be slow longer.
You feel very sick. The hornet stings you.
* * * LOW HITPOINT WARNING * * *
You are lethally poisoned!
You feel as though you will be slow longer.
The hornet barely misses you.
You can move again.
You barely miss the hornet. Your bite misses the hornet.
The hornet is almost dead.
* * * LOW HITPOINT WARNING * * *
You feel extremely sick. The hornet stings you.
* * * LOW HITPOINT WARNING * * *
You are more poisoned.
You feel as though you will be slow longer.
The hornet stings you!
You die...

#
#################
#................
#.....###########
########.....####
.........##.....#
.........##..(..#
................#
###.y@.##.....#
......####......#
..... ......>#
.... ##...##.#
... ##### .# ..
.# .


You could see a hornet.

Vanquished Creatures
  Duvessa (D:5)
  A sky beast (D:7)
  2 black bears
  An orc warrior (D:6)
  2 ogres (D:5)
  2 ice beasts
  2 phantoms (D:4)
  A kobold brigand (D:6)
  2 bullfrogs
  4 scorpions
  Dowan (D:5)
  6 jellies
  An orc priest (D:8)
  6 hounds
  5 sleepcaps
  4 iguanas
  A gnoll bouda (D:6)
  3 orc wizards
  18 adders
  4 gnolls (D:6)
  A shadow imp (D:7)
  2 white imps (D:7)
  An ufetubus (D:6)
  5 worms
  2 dart slugs
  15 orcs
  17 ball pythons
  5 endoplasms
  5 giant cockroaches
  6 goblins
  9 hobgoblins
  4 quokkas
  6 bats
  3 frilled lizards
  12 kobolds
  8 rats
168 creatures vanquished.

Notes
Turn   | Place    | Note
-------+----------+-------------------------------------------
     0 | D:1      | mistaj the Vine Stalker Fighter began the quest for the
                  | Orb.
     0 | D:1      | Reached XP level 1. HP: 11/11 MP: 2/2
    59 | D:1      | Found Xysuk's Armour Shoppe.
   116 | D:1      | Reached XP level 2. HP: 11/16 MP: 1/3
   587 | D:2      | Reached XP level 3. HP: 20/20 MP: 4/4
   781 | D:2      | Found a glowing golden altar of the Shining One.
   802 | D:2      | Became a worshipper of the Shining One
   856 | D:2      | Gained mutation: Your natural rate of healing is unusually
                  | fast. [Vine Stalker growth]
   856 | D:2      | Reached XP level 4. HP: 24/24 MP: 5/5
  1204 | D:2      | Reached XP level 5. HP: 29/29 MP: 6/6
  1323 | D:2      | Identified the +9 dagger "Vemusan" {freeze, Will++ Str+5
                  | Int-5}
  1746 | D:3      | Found a white marble altar of Elyvilon.
  1809 | D:3      | Found a basalt altar of Yredelemnul.
  2317 | D:4      | Found Ycigavug's Distillery.
  2376 | D:4      | Identified the +2 pair of gloves of Somewhere Else {SInv}
  2413 | D:4      | Noticed a phantom
  2444 | D:4      | Reached XP level 6. HP: 29/33 MP: 7/7
  2478 | D:4      | Reached * piety under the Shining One
  2634 | D:4      | Found Piotup's Distillery.
  2721 | D:4      | Reached XP level 7. HP: 38/38 MP: 6/8
  2910 | D:5      | Entered Level 5 of the Dungeon
  2998 | D:5      | Reached skill level 5 in Fighting
  2998 | D:5      | Reached skill level 5 in Shields
  3085 | D:5      | Gained mutation: You have razor-sharp teeth. [Vine Stalker
                  | growth]
  3085 | D:5      | Reached XP level 8. HP: 34/43 MP: 5/9
  3147 | D:5      | Noticed Duvessa
  3147 | D:5      | Noticed Dowan
  3151 | D:5      | Killed Duvessa
  3152 | D:5      | Reached skill level 5 in Axes
  3154 | D:5      | Killed Dowan
  3182 | D:5      | Found a staircase to the Ecumenical Temple.
  4078 | D:6      | Reached XP level 9. HP: 35/49 MP: 8/10
  4263 | D:6      | Found a blossoming altar of Fedhas.
  4268 | D:6      | Found a glowing golden altar of the Shining One.
  4269 | D:6      | Found a shimmering blue altar of Sif Muna.
  4308 | D:6      | Identified the +2 cloak "Arais" {rElec rPois rF+++ Int-2}
  4915 | D:7      | Reached ** piety under the Shining One
  4975 | D:7      | Found an iron altar of Okawaru.
  5161 | D:8      | Noticed a two-headed ogre
  5268 | D:8      | Noticed a hornet
  5273 | D:8      | Paralysed by a hornet for 1 turns
  5278 | D:8      | Paralysed by a hornet for 3 turns
  5281 | D:8      | Slain by a hornet

Illustrated notes

Levels and vault maps discovered:
D:1:      tarquinn_simple_flora_water_f, layout_basic, serial_shops,
          nicolae_shop_stone, serial_glass, glass_columns_a, glass_columns_c
D:2:      layout_basic, basic_altar, minmay_snake_closets
D:3:      layout_basic, kennysheep_ying_yang
D:4:      layout_rooms, serial_shops, shop_fountains, nicolae_stop_n_shop_1,
          minmay_joined_circles
D:5:      layout_loops_ring, temple_statues, uniq_duvessa
D:6:      layout_basic, minitemple
D:7:      layout_cave_pools, mainiacjoe_overflow_boulevard, minmay_fountain_box
D:8:      layout_basic, mainiacjoe_overflow_two_lobes, minmay_crossroads

Skill      XL: |  1  2  3  4  5  6  7  8  9 |
---------------+----------------------------+-----
Axes           | 2 3 4 6 |  6.9
Fighting       | 3 4 5 6 7 |  7.2
Shields        | 3 4 5 6 7 |  7.2
Armour         | |  2.4

Action                     |  1- 3 |  4- 6 |  7- 9 || total
---------------------------+-------+-------+-------++-------
  Melee: War axe           |    73 |   167 |   202 ||   442
         Bite              |    11 |    37 |    79 ||   127
    Use: Scroll            |       |       |    11 ||    11
 Armour: Scale mail        |    36 |    59 |       ||    95
         Chain mail        |       |    17 |    59 ||    76
         Skin              |       |     1 |       ||     1
         Plate armour      |       |       |    32 ||    32
  Dodge: Dodged            |    33 |    80 |    93 ||   206
  Block: Buckler           |    12 |    39 |    48 ||    99

Table legend: (Time is in decaauts)
 A = Elapsed time spent in this place.
 B = Non-inter-level travel time spent in this place.
 C = Inter-level travel time spent in this place.
 D = Time resting spent in this place.
 E = Time spent auto-exploring this place.
 F = Levels seen in this place.
 G = Mean time per level.
                   A        B        C        D        E       F      G
               +--------+--------+--------+--------+--------+-----+--------+
         Total |   5429 |   5300 |    129 |    269 |   3803 |   8 |  678.6 |
       Dungeon |   5429 |   5300 |    129 |    269 |   3803 |   8 |  678.6 |
               +--------+--------+--------+--------+--------+-----+--------+

Top non-repeatable levels by time:
     D:2: 1037 daAuts
     D:6: 976 daAuts
     D:3: 767 daAuts
     D:5: 713 daAuts
     D:7: 635 daAuts
     D:4: 613 daAuts
     D:1: 587 daAuts
     D:8: 98 daAuts
